Map: Abiogenesis LE

Players

Kozzy - Winner!

  • Race: Protoss Protoss
  • League: Gold
  • Spawn Location: 11:00

RoachRider

  • Race: Zerg Zerg
  • League: Platinum
  • Spawn Location: 5:00

VOD

Have the link to the VOD?

Description

Time

  • Played on: April 5, 2018, 11:05 a.m.
  • Length: 17:31
Show
View Real Time Build Order
Export as new Build Order

Kozzy Protoss - Winner!

Build Orders:  

Get SALT Encoding   

  12  0:01  Probe  
  13  0:13  Probe  
  14  0:20  Pylon  
  14  0:25  Probe  
  15  0:38  Probe  
  16  0:50  Probe  
  16  0:54  Gateway  
  17  1:06  Gateway  
  17  1:09  Gateway  
  17  1:31  Pylon  
  17  1:32  Probe (Chrono Boost)  
  18  1:36  Assimilator  
  18  1:39  Assimilator  
  18  1:44  Probe (Chrono Boost)  
  18  1:46  Zealot (Chrono Boost)  
  19  1:51  Probe (Chrono Boost)  
  22  1:58  Probe  
  22  2:00  Cybernetics Core  
  23  2:05  Zealot  
  25  2:17  Probe, Pylon  
  26  2:29  Probe  
  27  2:37  Stalker  
  29  2:52  Pylon  
  29  2:54  Warp Gate  
  30  2:58  Probe  
  30  3:07  Pylon  
  30  3:23  Nexus  
  30  3:41  Twilight Council  
  30  3:42  Probe (Chrono Boost)  
  31  3:52  Probe (Chrono Boost)  
  31  3:54  Stalker  
  34  3:57  Probe (Chrono Boost)  
  34  4:01  Pylon  
  35  4:08  Probe  
  36  4:17  Shield Battery  
  36  4:25  Robotics Facility  
  36  4:34  Stalker  
  38  4:40  Forge  
  38  4:44  Probe x2  
  40  4:58  Pylon  
  40  5:10  Probe x2 (Chrono Boost), Pylon  
  40  5:11  Protoss Ground Weapons Level 1 (Chrono Boost)  
  42  5:17  Observer  
  42  5:20  Probe (Chrono Boost)  
  42  5:21  Probe (Chrono Boost)  
  45  5:25  Probe x2 (Chrono Boost)  
  45  5:26  Gateway  
  47  5:30  Charge  
  47  5:35  Robotics Facility  
  47  5:42  Immortal (Chrono Boost)  
  51  5:53  Gateway  
  51  6:02  Zealot  
  53  6:07  Zealot  
  55  6:13  Probe  
  55  6:14  Probe  
  55  6:15  Pylon  
  55  6:16  Assimilator  
  55  6:18  Assimilator  
  57  6:19  Immortal  
  61  6:38  Pylon  
  61  6:42  Templar Archives  
  61  6:56  Immortal  
  61  6:58  Zealot x2  
  61  6:59  Zealot x2  
  73  7:03  Stalker  
  73  7:08  Observer  
  77  7:16  Warp Prism  
  77  7:37  Warp Prism  
  79  7:46  High Templar  
  79  7:47  High Templar x3  
  79  7:48  Zealot  
  79  7:49  Protoss Ground Weapons Level 2 (Chrono Boost)  
  89  7:53  Gateway  
  89  7:56  Gateway  
  89  7:58  Pylon  
  89  7:59  Pylon  
  89  8:08  Archon x2  
  89  8:17  Immortal x2  
  97  8:23  Stalker x2  
  101  8:51  Zealot  
  101  8:52  Zealot x2  
  101  8:54  Zealot  
  105  9:12  Gateway  
  105  9:17  Stalker x3  
  103  9:32  High Templar x2  
  103  9:34  Zealot  
  103  9:36  Archon  
  109  9:42  Gateway  
  109  9:45  Zealot x3  
  111  9:52  Observer x2  
  117  10:00  Protoss Ground Weapons Level 3 (Chrono Boost)  
  117  10:09  Pylon  
  117  10:11  Pylon  
  117  10:12  Pylon  
  117  10:29  Zealot x3  
  117  10:30  Zealot x3  
  119  10:57  Observer x2  
  119  11:08  High Templar  
  119  11:09  High Templar  
  123  11:12  Archon  
  125  11:18  Observer x2  
  125  11:23  Gateway  
  125  11:26  Zealot x5  
  125  11:27  Zealot  
  138  11:40  Observer  
  138  12:17  High Templar x2  
  138  12:21  Archon  
  142  12:30  Pylon  
  142  12:31  Protoss Shields Level 1 (Chrono Boost)  
  142  12:32  Pylon  
  142  12:36  Pylon  
  142  12:37  Gateway  
  142  12:39  Gateway  
  142  12:42  Gateway  
  142  12:57  High Templar x2  
  146  12:59  Zealot x4  
  146  13:00  Zealot x2  
  146  13:01  Archon  
  158  13:35  High Templar x2  
  158  13:36  Zealot x2  
  158  13:39  Archon  
  166  13:47  Pylon  
  166  13:52  Pylon x3  
  166  13:53  Pylon  
  166  14:09  Zealot x4  
  174  14:10  Zealot x4  
  166  14:46  Immortal  
  166  14:47  Immortal  
  134  15:26  Immortal x2  
  140  15:39  Stalker x3  
  140  15:40  Stalker x3  
  148  16:05  Observer  
  117  16:24  Stalker x2  
  117  16:25  Stalker x2  
Show
View Real Time Build Order
Export as new Build Order

RoachRider Zerg 

Build Orders: Pool First 

Get SALT Encoding   

  12  0:01  Drone  
  13  0:13  Overlord  
  13  0:19  Drone  
  14  0:32  Drone  
  14  0:33  Drone  
  16  0:40  Drone  
  17  0:48  Spawning Pool  
  16  0:50  Drone  
  16  0:54  Extractor  
  16  1:16  Drone, Hatchery  
  16  1:36  Queen  
  18  1:45  Drone  
  18  1:46  Overlord  
  19  2:08  Baneling Nest  
  18  2:24  Zergling x4  
  18  2:25  Zergling x2  
  18  2:29  Queen  
  23  2:31  Queen  
  25  2:48  Drone x4  
  29  2:56  Overlord  
  29  3:08  Baneling x4  
  29  3:09  Baneling x2  
  29  3:25  Zergling x2  
  29  3:26  Zergling x10  
  35  4:15  Overlord x2  
  35  4:16  Zergling x4  
  35  4:17  Zergling x14  
  39  4:22  Overlord  
  44  4:45  Drone x2, Evolution Chamber  
  44  4:46  Drone  
  44  4:47  Evolution Chamber  
  45  5:01  Drone x6  
  45  5:02  Drone x2  
  53  5:24  Zerg Ground Armor Level 1, Zerg Melee Weapons Level 1  
  53  5:26  Zergling x8  
  53  5:27  Zergling x4  
  59  5:37  Lair  
  59  5:39  Drone  
  59  5:40  Drone  
  61  5:42  Overlord  
  61  6:10  Overlord x2  
  61  6:22  Extractor  
  60  6:47  Overseer  
  60  6:53  Hydralisk Den  
  59  6:55  Drone x2  
  59  6:58  Extractor  
  59  6:59  Extractor  
  59  7:10  Drone  
  59  7:11  Drone x2  
  59  7:12  Drone x3  
  65  7:18  Zerg Missile Weapons Level 1  
  65  7:22  Centrifical Hooks  
  65  7:32  Overseer  
  65  7:46  Lurker Den  
  65  7:50  Overseer  
  64  7:53  Overseer  
  64  8:17  Hydralisk x3, Hatchery  
  64  8:18  Hydralisk x2  
  73  8:29  Hydralisk x3  
  73  8:31  Overlord x2  
  73  8:32  Overlord x2  
  78  8:52  Hydralisk  
  78  8:53  Hydralisk x4  
  77  9:34  Drone x2  
  77  9:35  Drone x3  
  77  9:36  Drone  
  83  9:40  Lurker  
  84  9:56  Zerg Melee Weapons Level 2  
  84  9:57  Zerg Missile Weapons Level 2, Hatchery  
  83  10:14  Spire  
  83  10:16  Drone  
  83  10:17  Drone x5  
  83  10:18  Queen  
  90  10:34  Overseer  
  90  10:36  Overseer  
  83  11:12  Lurker  
  84  11:20  Drone x8  
  84  11:21  Drone x5  
  97  11:34  Overlord x5  
  97  11:35  Queen  
  99  11:56  Zergling x20  
  99  11:58  Baneling  
  99  12:00  Baneling  
  109  12:01  Baneling x17  
  109  12:02  Baneling x7  
  109  12:35  Zerg Flyer Armor Level 1  
  109  12:36  Corruptor x2  
  109  12:37  Corruptor x3  
  119  12:44  Extractor  
  119  12:45  Extractor  
  119  12:46  Drone x3  
  119  12:47  Drone x3  
  123  12:53  Overseer  
  123  13:35  Zerg Ground Armor Level 2, Infestation Pit  
  122  13:42  Burrow  
  122  13:49  Queen  
  124  14:02  Hatchery  
  108  14:44  Drone x3  
  60  15:25  Zergling x6  
  60  15:26  Zergling x40  
  60  15:27  Zergling x4  
  70  15:48  Baneling  
  70  15:49  Baneling x27  
  70  15:50  Baneling x9  
  70  15:51  Baneling  
  70  15:52  Baneling x6  
  64  16:08  Zergling x2  
  64  16:09  Zergling x26  
  37  16:46  Spawning Pool  
Tags
 
Add a new tag
Caveats
  • Supply blocks, unpowered buildings, or Contaminate may cause inaccurate times.
  • Supply counts are checked every 10 seconds.